 Dungeon Crawl Stone Soup version 0.28.0 (webtiles) character file.

Game seed: 8756425022036217504

197 Flippered the Charlatan (level 5, 0/41 HPs)
             Began as a Gnoll Wanderer on Feb 18, 2022.
             Was a Follower of Ru.
             Succumbed to a scorpion's poison
             ... on level 4 of the Dungeon.
             The game lasted 00:08:18 (3152 turns).

Flippered the Charlatan (Gnoll Wanderer)            Turns: 3152, Time: 00:08:19

Health: 0/41       AC: 13    Str: 14    XL:     5   Next: 75%
Magic:  9/9        EV:  6    Int: 12    God:    Ru [*.....]
Gold:   152        SH:  0    Dex: 10    Spells: 9/10 levels left

rFire   . . .      SeeInvis .   a - +0 flail (holy)
rCold   . . .      Faith    .   (no shield)
rNeg    . . .      Spirit   .   r - +0 chain mail
rPois   .          Reflect  .   (no helmet)
rElec   .          Harm     .   (no cloak)
rCorr   .          Rampage  .   (no gloves)
Will    .....                   (no boots)
Stlth   ..........              (no amulet)
HPRegen 0.13/turn               f - +4 ring of protection
MPRegen 0.11/turn               (no ring)

@: mighty, lethally poisoned (0 -> -6)
A: fangs 1, no fire magic, no hexes magic, no necromancy magic, strong nose,
distributed training
a: Renounce Religion


You were on level 4 of the Dungeon.
You worshipped Ru.
Ru was aware of your devotion.
You visited 1 branch of the dungeon, and saw 4 of its levels.

You collected 152 gold pieces.

Inventory:

Hand Weapons
 a - a +0 flail of holy wrath (weapon)
 b - a +0 hunting sling
Missiles
 g - 81 stones
 i - 81 arrows
 j - 51 bolts
 l - 3 poisoned darts
 n - a throwing net
 x - 11 sling bullets
 y - 2 javelins
Armour
 r - a +0 chain mail (worn)
Jewellery
 f - a +4 ring of protection (left hand)
Wands
 e - a wand of polymorph (3)
Scrolls
 c - a scroll of summoning {unknown}
 m - a scroll of teleportation {unknown}
 o - a scroll of vulnerability {unknown}
 p - a scroll of identify {unknown}
 s - a scroll of torment {unknown}
 t - a scroll of blinking {unknown}
 v - a scroll of noise {unknown}
 w - a scroll of enchant weapon {unknown}
Potions
 h - a potion of heal wounds {unknown}
 k - a potion of lignification {unknown}
 q - a potion of haste {unknown}
 u - a potion of mutation {unknown}


   Skills:
 + Level 3.0 Fighting
 + Level 1.6 Short Blades
 + Level 1.6 Long Blades
 + Level 1.6 Axes
 + Level 4.8 Maces & Flails
 + Level 1.6 Polearms
 + Level 1.6 Staves
 + Level 1.6 Slings
 + Level 1.6 Bows
 + Level 1.6 Crossbows
 + Level 1.6 Throwing
 + Level 3.0 Armour
 + Level 1.6 Dodging
 + Level 2.8 Stealth
 + Level 1.6 Shields
 + Level 1.6 Unarmed Combat
 + Level 3.2 Spellcasting
 + Level 1.3 Conjurations
   Level 0.0 Hexes
 + Level 1.3 Summonings
   Level 0.0 Necromancy
 + Level 1.3 Translocations
 + Level 1.3 Transmutations
   Level 0.0 Fire Magic
 + Level 2.4 Ice Magic
 + Level 1.3 Air Magic
 + Level 1.3 Earth Magic
 + Level 1.3 Poison Magic
 + Level 1.8 Invocations
 + Level 6.7 Evocations


You had 9 spell levels left.
You knew the following spells:

 Your Spells              Type           Power      Damage    Failure   Level
a - Freeze                Ice            28%        1d5       91%         1

Your spell library contained the following spells:

 Spells                   Type           Power      Damage    Failure   Level
 Blink                    Tloc           10%        N/A       99%         2
 Ozocubu's Armour         Ice            7%         N/A       99%         3
 Lesser Beckoning         Tloc           5%         N/A       100%        3
 Manifold Assault         Tloc           5%         N/A       100%        5


Dungeon Overview and Level Annotations

Branches:
Dungeon (4/15)
 Temple: D:4-7

Altars:
Gozag
Ru
Yredelemnul
The Shining One


Innate Abilities, Weirdness & Mutations

You have very sharp teeth.
You cannot study or cast Fire magic.
You cannot study or cast Hexes magic.
You cannot study or cast Necromancy magic.
Your uncanny sense of smell can sniff out nearby items.
Your experience applies equally to all skills.


Message History

The scorpion is moderately wounded.
You feel sick.
The scorpion stings you but does no damage.
You hit the scorpion but do no damage. Your bite misses the scorpion.
The scorpion is moderately wounded.
You feel sick. The scorpion stings you. The scorpion barely misses you.
You thump the scorpion!
The scorpion is severely wounded.
You feel sick. The scorpion barely misses you.
You hit the scorpion but do no damage.
The scorpion is severely wounded.
You feel sick. The scorpion stings you. The scorpion barely misses you.
You sock the scorpion!
The scorpion is almost dead.
You feel sick. The scorpion stings you.
You are more poisoned.
The scorpion poisons you!
You barely miss the scorpion.
The scorpion is almost dead.
You feel very sick.
The scorpion stings you but does no damage.
You hit the scorpion. Your bite misses the scorpion.
The scorpion is almost dead.
* * * LOW HITPOINT WARNING * * *
You feel very sick.
The scorpion stings you but does no damage.
The scorpion stings you.
* * * LOW HITPOINT WARNING * * *
You barely miss the scorpion.
The scorpion is almost dead.
* * * LOW HITPOINT WARNING * * *
You feel sick.
The scorpion stings you but does no damage.
It was a potion of might.
You feel very mighty all of a sudden.
* * * LOW HITPOINT WARNING * * *
You feel sick. The scorpion barely misses you.
You barely miss the scorpion.
The scorpion is almost dead.
You die...

..(.......##.........
∆
...#.#....#.....#..#
...#.#....#.....# ..
. ##.†....#.....#.
##...............
#...........).#..
...................
...................#
............@.......
...(.....##s.....#..
...)........(.<.....
.....##.(..........
...#..(...(.......
...............
...(.......#...
#..(.......#...


You could see a scorpion.

Vanquished Creatures
  A hound (D:3)
  A scorpion zombie (D:3)
  A hound zombie (D:3)
  A hound skeleton (D:4)
  4 adders
  A dart slug (D:3)
  5 orcs (D:3)
  9 ball pythons
  7 endoplasms
  2 giant cockroaches
  3 goblins (D:2)
  5 hobgoblins
  8 jackals
  4 kobolds
  4 quokkas
  A ball python zombie (D:3)
  6 bats
  4 frilled lizards
  A jackal zombie (D:3)
  7 rats
75 creatures vanquished.

Notes
Turn   | Place    | Note
-------+----------+-------------------------------------------
     0 | D:1      | Flippered the Gnoll Wanderer began the quest for the Orb.
     0 | D:1      | Flippered set off with the following items: a +0 flail, a
                  | wand of polymorph (3), a +0 robe; and the following spell
                  | memorised: Freeze; and the following spells available to
                  | memorise: Ozocubu's Armour
     0 | D:1      | Reached XP level 1. HP: 17/17 MP: 4/4
   125 | D:1      | Reached XP level 2. HP: 11/23 MP: 1/5
  1226 | D:2      | Reached XP level 3. HP: 28/28 MP: 7/7
  1530 | D:2      | Reached skill level 1 in Invocations
  1911 | D:2      | Reached skill level 1 in Short Blades
  1911 | D:2      | Reached skill level 1 in Long Blades
  1911 | D:2      | Reached skill level 1 in Axes
  1911 | D:2      | Reached skill level 1 in Polearms
  1911 | D:2      | Reached skill level 1 in Staves
  1911 | D:2      | Reached skill level 1 in Slings
  1911 | D:2      | Reached skill level 1 in Bows
  1911 | D:2      | Reached skill level 1 in Crossbows
  1911 | D:2      | Reached skill level 1 in Throwing
  1911 | D:2      | Reached skill level 1 in Dodging
  1911 | D:2      | Reached skill level 1 in Shields
  1911 | D:2      | Reached skill level 1 in Unarmed Combat
  1911 | D:2      | Reached XP level 4. HP: 23/34 MP: 8/8
  2179 | D:3      | Reached skill level 1 in Conjurations
  2179 | D:3      | Reached skill level 1 in Hexes
  2179 | D:3      | Reached skill level 1 in Summonings
  2179 | D:3      | Reached skill level 1 in Necromancy
  2179 | D:3      | Reached skill level 1 in Translocations
  2179 | D:3      | Reached skill level 1 in Transmutations
  2179 | D:3      | Reached skill level 1 in Fire Magic
  2179 | D:3      | Reached skill level 1 in Air Magic
  2179 | D:3      | Reached skill level 1 in Earth Magic
  2179 | D:3      | Reached skill level 1 in Poison Magic
  2230 | D:3      | Found a faded altar of an unknown god.
  2236 | D:3      | Prayed at the altar of an unknown god.
  2236 | D:3      | Became a worshipper of Ru the Awakened
  2242 | D:3      | Gained mutation: You cannot study or cast Fire magic. [Ru
                  | sacrifice]
  2242 | D:3      | Gained mutation: You cannot study or cast Hexes magic. [Ru
                  | sacrifice]
  2242 | D:3      | Gained mutation: You cannot study or cast Necromancy magic.
                  | [Ru sacrifice]
  2242 | D:3      | Reached * piety under Ru
  2517 | D:3      | Reached XP level 5. HP: 40/40 MP: 9/9
  2935 | D:3      | Found a basalt altar of Yredelemnul.
  3049 | D:4      | Found a glowing golden altar of the Shining One.
  3049 | D:4      | Found an opulent altar of Gozag.
  3151 | D:4      | HP: 2/41 [poisoned by a scorpion]
  3152 | D:4      | Succumbed to a scorpion's poison

Illustrated notes

Levels and vault maps discovered:
D:1:      wander_arrival_estate, layout_basic, chequers_mini_garden
D:2:      layout_basic, minmay_quadrilaterals
D:3:      layout_basic, nicolae_yredelemnul_corpse_copse,
          dreamdust_ecumenical_altar_angels_and_demons
D:4:      layout_cave_pools, mainiacjoe_overflow_small_starburst,
          jmf_multi_god_temple, grunt_temple_overflow_growth_and_decay,
          serial_shops, nicolae_shop_crystal, minmay_misc_feat_chi,
          kennysheep_nondescript

Skill      XL: |  1  2  3  4  5 |
---------------+----------------+-----
Ice Magic      | 2 |  2.4
Invocations    | 1 |  1.8
Short Blades   | 1 |  1.6
Long Blades    | 1 |  1.6
Axes           | 1 |  1.6
Polearms       | 1 |  1.6
Staves         | 1 |  1.6
Slings         | 1 |  1.6
Bows           | 1 |  1.6
Crossbows      | 1 |  1.6
Throwing       | 1 |  1.6
Dodging        | 1 |  1.6
Shields        | 1 |  1.6
Unarmed Combat | 1 |  1.6
Spellcasting   | 3 |  3.2
Conjurations   | 1 |  1.3
Hexes          | 0 |  0.0
Summonings     | 1 |  1.3
Necromancy     | 0 |  0.0
Translocations | 1 |  1.3
Transmutations | 1 |  1.3
Fire Magic     | 0 |  0.0
Air Magic      | 1 |  1.3
Earth Magic    | 1 |  1.3
Poison Magic   | 1 |  1.3
Fighting       | 3 |  3.0
Armour         | 3 |  3.0
Maces & Flails | |  4.8
Stealth        | |  2.8
Evocations     | |  6.7

Action                   |  1- 3 |  4- 6 || total
-------------------------+-------+-------++-------
Melee: Flail             |   102 |   112 ||   214
       Bite              |     5 |     5 ||    10
       Punch             |     1 |     1 ||     2
 Fire: Hunting sling     |     9 |    11 ||    20
 Cast: Freeze            |    18 |       ||    18
Invok: Sacrifice Arcana  |       |     1 ||     1
  Use: Potion            |       |     1 ||     1
Armor: Robe              |     9 |       ||     9
       Leather armour    |    12 |       ||    12
       Chain mail        |    38 |    75 ||   113
Dodge: Dodged            |    63 |    41 ||   104
